AoeStats
← I hate snigkers

Nomad

509939461Analyzed
2v2 RM · 4d ago on Sep 28, 2026· 96m 48s· 4 players
Game mode
Random Map
Map size
176×176
Population
200
Speed
Normal
Resources
Standard
Victory
Conquest
Starting age
Dark Age
Ending age
Imperial Age
RankedLock teamsTeams togetherTeam positionsShared explorationLock speedFull tech treeHidden civsTurbo modeCheats
Victory
Defeat
🇰🇿 Spanish · Kazakhstan
472
+16
🇷🇺 Chinese · Russia
440
+17
🇨🇿 Khmer · Czechia
570
-21
🇩🇪 Huns · Germany
354
-12
KINGTOM
92:20 Feudal Age
93:03 Double-Bit Axe
93:02 Horse Collar
94:20 Town Watch
96:49 Loom
I hate snigkers
20:41 Feudal Age
21:20 Man-at-Arms
22:00 Double-Bit Axe
22:05 Horse Collar
23:40 Wheelbarrow
31:13 Castle Age
31:51 Arson
31:27 Long Swordsman
32:14 Crossbowman
37:42 Imperial Age
38:38 Light Cavalry
39:29 Bloodlines
41:09 Scale Barding Armor
41:15 Forging
42:14 Bow Saw
42:05 Cavalier
44:05 Iron Casting
43:50 Chain Barding Armor
45:21 Husbandry
46:27 Blast Furnace
45:12 Two-Handed Swordsman
47:34 Hand Cart
48:42 Plate Barding Armor
50:21 Chemistry
50:22 Heavy Plow
50:39 Arbalester
53:28 Stone Mining
53:31 Gold Mining
54:35 Town Watch
57:46 Ballistics
57:32 Siege Engineers
57:40 Scale Mail Armor
60:16 Tusk Swords
62:39 Pikeman
64:40 Stone Shaft Mining
64:41 Gold Shaft Mining
63:41 Elite Skirmisher
66:32 Fletching
66:58 Chain Mail Armor
67:43 Town Patrol
68:28 Murder Holes
68:43 Masonry
70:11 Bodkin Arrow
70:17 Padded Archer Armor
69:42 Halberdier
71:00 Architecture
70:44 Fortified Wall
70:03 Heavy Scorpion
72:14 Double Crossbow
72:50 Elite Ballista Elephant
Civarly
16:47 Feudal Age
17:41 Double-Bit Axe
17:55 Horse Collar
19:31 Wheelbarrow
19:39 Fishing Lines
23:54 Gold Mining
24:20 Scale Barding Armor
29:05 Castle Age
35:25 Bow Saw
36:22 Gillnets
50:49 Imperial Age
48:36 Hand Cart
48:35 Heavy Plow
53:56 Hoardings
52:50 Elite Conquistador
55:01 Stone Mining
56:22 Two-Man Saw
57:16 Conscription
58:58 Ballistics
58:26 Arrowslits
59:42 Chemistry
58:58 Padded Archer Armor
58:48 Fletching
59:20 Chain Barding Armor
60:48 Medium Warships
66:58 Stone Shaft Mining
67:11 Hoardings
66:07 Sappers
66:32 Elite Cannon Galleon
70:26 Bodkin Arrow
70:46 Leather Archer Armor
71:07 Plate Barding Armor
71:22 Heavy Warships
Chaso-Parametrik
4:36 Loom
4:41 Loom
15:39 Feudal Age
16:59 Wheelbarrow
16:34 Horse Collar
17:10 Double-Bit Axe
21:45 Bloodlines
20:57 Man-at-Arms
21:23 Arson
21:33 Stone Mining
21:49 Gold Mining
26:16 Castle Age
25:52 Scale Barding Armor
25:48 Scale Mail Armor
25:58 Forging
25:39 Fletching
25:49 Padded Archer Armor
28:00 Hand Cart
27:57 Bow Saw
27:49 Heavy Plow
29:43 Squires
29:03 Long Swordsman
36:30 Husbandry
35:51 Light Cavalry
35:54 Crossbowman
36:40 Thumb Ring
37:16 Pikeman
42:31 Imperial Age
42:16 Chain Barding Armor
42:11 Chain Mail Armor
42:13 Leather Archer Armor
42:38 Iron Casting
42:53 Guard Tower
43:14 Fortified Wall
43:00 Murder Holes
44:00 Cavalier
48:52 Conscription
49:51 Two-Man Saw
48:59 Elite Skirmisher
50:34 Halberdier
50:36 Elite Fire Lancer
50:37 Two-Handed Swordsman
52:00 Heavy Scorpion
54:34 Rocketry
58:08 Champion
58:19 Heavy Rocket Cart
60:03 Arrowslits
60:29 Masonry
65:04 Demolition Ship
65:55 Medium Warships
73:26 Gold Shaft Mining
73:27 Stone Shaft Mining
79:15 Plate Barding Armor
78:36 Bodkin Arrow
79:42 Blast Furnace
78:58 Leather Archer Armor
Connection lost

Rejoining the realm…

Still unreachable

The connection could not be restored.

Session expired

The server has moved on; the page needs a fresh start.